 Dungeon Crawl Stone Soup version 0.29.1-12-g30fa7ad0bf (webtiles) character file.

Game seed: 5236285316387537433

906 concernfroge the Trooper (level 7, -13/60 HPs)
             Began as a Mummy Monk on Dec 24, 2022.
             Was a Believer of Ashenzari.
             Mangled by a wight
             ... wielding a +0 great sword
              (18 damage)
             ... on level 7 of the Dungeon.
             The game lasted 00:29:37 (7225 turns).

concernfroge the Trooper (Mummy Monk)               Turns: 7225, Time: 00:29:37

Health: -13/60     AC:  4    Str: 14    XL:     7   Next: 81%
Magic:  16/16      EV: 28    Int: 15    God:    Ashenzari [**....]
Gold:   206        SH:  0    Dex: 22    Spells: 15/18 levels left

rFire   . . .      SeeInvis +   p - +0 trident (flame)
rCold   . . .      Faith    .   (no shield)
rNeg    + + +      Spirit   .   j - +0 leather armour
rPois   ∞          Reflect  .   f - +0 helmet "Oracular Portent" {Elem, Melee} (curse)
rElec   .          Harm     .   (no cloak)
rCorr   .          Rampage  .   (no gloves)
Will    .....                   (no boots)
Stlth   ++........              h - amulet "Shattered Asceticism" {Acrobat, Self, Evo} (curse)
HPRegen 0.20/turn               m - ring "Unveiling Embarrassment" {Contam Fly Int+5 Dex+6, Melee, Range} (curse)
MPRegen 0.15/turn               l - ring of fire

@: about to teleport, acrobatic, flying
A: cold resistance 1, negative energy resistance 3, torment resistance 2, heat
vulnerability 1, in touch with death 1, no potions
a: Renounce Religion, Curse Item, Shatter the Chains


You were on level 7 of the Dungeon.
You worshipped Ashenzari.
Ashenzari was pleased with you.
You visited 2 branches of the dungeon, and saw 8 of its levels.
You also visited: Bailey.

You collected 206 gold pieces.

Inventory:

Hand Weapons
 a - a +0 spear of electrocution
 p - a +0 trident of flaming (weapon)
Missiles
 q - 2 poisoned darts (quivered)
Armour
 f - the cursed +0 helmet "Oracular Portent" (worn) {Elem, Melee}
   (You took it off Robin on level 2 of the Dungeon)

   It has a curse which improves the following skills: Elements: Fire Magic, Ice
   Magic, Air Magic and Earth Magic.
   Melee Combat: Short Blades, Long Blades, Axes, Maces & Flails, Polearms,
   Staves and Unarmed Combat.
 j - a +0 leather armour (worn)
Magical Staves
 b - a staff of fire
Jewellery
 h - the cursed amulet "Shattered Asceticism" (around neck) {Acrobat, Self, Evo}
   (You found it on level 1 of the Dungeon)

   [amulet of the acrobat]

   It increases your evasion while moving and waiting.
   It has a curse which improves the following skills: Introspection: Fighting
   and Spellcasting.
   Evocations: Evocations.
 l - a ring of fire (right hand)
 m - the cursed ring "Unveiling Embarrassment" (left hand) {Contam Fly Int+5 Dex+6, Melee, Range}
   (You found it on level 3 of the Dungeon)

   [ring of dexterity]

   Int:       It affects your intelligence (+5).
   Dex:       It affects your dexterity (+6).
   Fly:       It grants you flight.
   Contam:    It causes magical contamination when unequipped.
   It has a curse which improves the following skills: Melee Combat: Short
   Blades, Long Blades, Axes, Maces & Flails, Polearms, Staves and Unarmed
   Combat.
   Ranged Combat: Ranged Weapons and Throwing.
Scrolls
 c - 3 scrolls of blinking
 d - 2 scrolls of immolation
 g - a scroll of amnesia
 i - a scroll of poison
 k - a scroll of brand weapon
 o - 2 scrolls of teleportation
 r - 2 scrolls of vulnerability


   Skills:
 + Level 5.9(7.2) Fighting
 - Level 2.4(4.0) Polearms
 + Level 2.2(3.2) Throwing
 - Level 2.4 Dodging
 - Level 1.5 Stealth
 + Level 5.0(6.2) Spellcasting
 + Level 3.0(4.1) Earth Magic
 + Level 2.1(3.1) Evocations


You had 15 spell levels left.
You knew the following spells:

 Your Spells              Type           Power      Damage    Failure   Level
a - Stone Arrow           Conj/Erth      20%        3d8       24%         3

Your spell library contained the following spells:

 Spells                   Type           Power      Damage    Failure   Level
 Summon Small Mammal      Summ           16%        N/A       19%         1
 Ozocubu's Armour         Ice            5%         N/A       45%         3
 Call Canine Familiar     Summ           4%         N/A       50%         3
 Portal Projectile        Hex/Tloc       8%         N/A       50%         3
 Summon Guardian Golem    Hex/Summ       4%         N/A       50%         3
 Tukima's Dance           Hex            4%         N/A       50%         3
 Animate Armour           Summ/Erth      20%        N/A       61%         4
 Ozocubu's Refrigeration  Ice            2%         4d8       100%        7
 Lehudib's Crystal Spear  Conj/Erth      5%         10d3      100%        8
 Blade Hands              Tmut           Unusable   N/A       N/A         5

Dungeon Overview and Level Annotations

Branches:
Dungeon (7/15)             Temple (1/1) D:4          Bailey (visited)

Altars:
Ashenzari
Dithmenos
Fedhas
Gozag
Kikubaaqudgha
Makhleb
Nemelex Xobeh
Okawaru
Qazlal
Ru
Sif Muna
Trog
Uskayaw
Vehumet
Wu Jian
Xom

Shops:
D:1 :   D:4 =

Annotations:
D:4 exclusion: downstairs
D:5 exclusion: iguana, Pikel


Innate Abilities, Weirdness & Mutations

You are immune to poison.
Your flesh is cold resistant. (rC+)
You are immune to negative energy. (rN+++)
You are immune to unholy pain and torment.
You are vulnerable to heat. (rF-)
You are in touch with the powers of death.
You do not drink.


Message History

Aim: an orc warrior, wearing a +4 ring mail (heavily wounded, poisoned, 61% to hit)
You throw a poisoned dart.
The poisoned dart closely misses the orc warrior.
The orc warrior wields a +0 arbalest.
The orc warrior shoots a bolt.
The bolt closely misses you.
An orc warrior and an orc come into view.
An orc comes into view. It is wielding a +0 arbalest.
The orc warrior shouts!
The orc shouts!
The orc warrior shoots a bolt.
The bolt hits you!
* * * LOW HITPOINT WARNING * * *
The orc moves out of view.
Okay, then.
Blink to where?
Press: ? - help, Dir - move target, p - orc warrior
As you read the scroll of blinking, it crumbles to dust.
The orc warrior shoots a bolt.
The bolt completely misses you.
The orc warrior shoots a bolt.
The bolt completely misses you.
You hear a shout!
An orc and an orc warrior come into view.
The orc warrior shouts!
An orc warrior comes into view. It is wielding a +0 arbalest.
The orc warrior shouts!
An orc comes into view. It is wielding a +0 arbalest.
The orc warrior moves out of view.
Found a gate leading back out of this place.
The orc warrior shoots a bolt.
The bolt completely misses you.
The orc warrior shoots a bolt.
The bolt completely misses you.
There is a gate leading back out of this place here.
You aren't carrying any items that you can evoke.
Okay, then.
Welcome back to the Dungeon!
There is an empty arch of ancient stone here.
As you read the scroll of teleportation, it crumbles to dust.
You feel strangely unstable.
The wight hits you with a +0 great sword!
* * * LOW HITPOINT WARNING * * *
The wight attacks as you move away! The wight misses you.
The wight attacks as you move away!
The wight hits you with a +0 great sword!!
You die...

###
#.######## *
#.∩...zzz. ,
, * ***
#.######## *
,, #z#.....#
* ** #.@...#
* * #....<#.#
* #####.#.#
,, , * ,
,..#.# * ,,
####.#*### *
#####...#.).
,*
........#.##
.###.......#
* ,
.....>..#..#,


You could see a wight.

Vanquished Creatures
  2 water moccasins
  A black bear (D:6)
  A centaur (D:5)
  An ogre (D:6)
  A bullfrog (D:6)
  A hound (D:6)
  2 jellies
  An orc priest (D:4)
  2 orc wizards
  2 iguanas (D:5)
  Robin (D:2)
  3 adders
  A white imp (D:6)
  3 ufetubi
  5 worms
  2 dart slugs
  12 orcs
  7 ball pythons
  2 bats
  3 endoplasms
  5 giant cockroaches
  14 goblins
  3 hobgoblins
  2 jackals
  2 quokkas
  2 frilled lizards (D:3)
  5 kobolds
  7 rats
93 creatures vanquished.

Vanquished Creatures (others)
  5 plants
5 creatures vanquished.

Grand Total: 98 creatures vanquished

Notes
Turn   | Place    | Note
-------+----------+-------------------------------------------
     0 | D:1      | concernfroge the Mummy Monk began the quest for the Orb.
     0 | D:1      | Reached XP level 1. HP: 18/18 MP: 1/1
   213 | D:1      | Reached XP level 2. HP: 18/24 MP: 2/2
   405 | D:1      | Found Ecoehoumm's Book Shoppe.
  1268 | D:2      | Gained mutation: You are in touch with the powers of death.
                  | [Mummy growth]
  1268 | D:2      | Reached XP level 3. HP: 29/30 MP: 4/4
  1272 | D:2      | Reached skill level 1 in Spellcasting
  1773 | D:2      | Noticed Robin
  1801 | D:2      | Killed Robin
  2120 | D:3      | Learned a level 3 spell: Stone Arrow
  2193 | D:3      | Identified the ring of Ydemug {Contam Fly Int+5 Dex+6}
  2238 | D:3      | Reached XP level 4. HP: 38/38 MP: 7/7
  3064 | D:4      | Found a staircase to the Ecumenical Temple.
  3071 | Temple   | Entered the Ecumenical Temple
  3164 | Temple   | Became a worshipper of Ashenzari the Shackled
  3208 | D:4      | Reached * piety under Ashenzari
  3759 | D:4      | Found a blossoming altar of Fedhas.
  3786 | D:4      | Reached skill level 1 in Earth Magic
  3840 | D:4      | Found Folitif's Jewellery Shoppe.
  3933 | D:4      | Noticed an ogre
  4003 | D:4      | Reached XP level 5. HP: 28/43 MP: 9/9
  4155 | D:4      | Reached skill level 5 in Fighting
  4480 | D:4      | Found a sparkling altar of Nemelex Xobeh.
  4708 | D:5      | Entered Level 5 of the Dungeon
  4708 | D:5      | Noticed Pikel
  4708 | D:5      | Noticed a lemure
  4708 | D:5      | Noticed a lemure
  4708 | D:5      | Noticed a lemure
  4708 | D:5      | Noticed a lemure
  4708 | D:5      | Identified the +1 ring mail "Vigimula" {rPois Dex+2 Stlth+}
  4749 | D:5      | Reached ** piety under Ashenzari
  4834 | D:5      | Reached XP level 6. HP: 49/53 MP: 13/13
  5161 | D:5      | Noticed a water moccasin
  5180 | D:5      | Killed a water moccasin
  5181 | D:5      | Reached skill level 1 in Throwing
  5181 | D:5      | Reached skill level 1 in Evocations
  5389 | D:5      | Noticed a moth of wrath
  5392 | D:5      | Found a bloodstained altar of Trog.
  5710 | D:5      | Reached XP level 7. HP: 52/59 MP: 15/15
  5742 | D:5      | Noticed a yak
  6198 | D:6      | Identified the +1 robe of Hubris {Int+6}
  6198 | D:6      | Noticed a steam dragon
  6735 | D:6      | Reached skill level 5 in Spellcasting
  6759 | D:6      | Noticed a yak
  6759 | D:6      | Noticed a yak
  7020 | D:7      | Found a flagged portal.
  7024 | Bailey   | Entered a bailey
  7225 | D:7      | Mangled by a wight

Illustrated notes

Levels and vault maps discovered:
D:1:      amcnicky_arrival_single_pillar, layout_basic, serial_shops,
          nicolae_shop_stone
D:2:      layout_basic, chequers_ecumenical_altar_lobes, uniq_robin,
          uniq_terence
D:3:      layout_loops_ring, grunt_decor_cap, grunt_ministairs_4
D:4:      layout_loops_corners, kennysheep_mini, fedhas_ov_isle_minmay,
          minmay_temple_entry_tees, minmay_shop_grid_forest, minmay_liquid_box
D:5:      layout_gridville, tgw_trog, serial_shops, nicolae_square_shop,
          minmay_manual_mail, uniq_pikel, uniq_prince_ribbit1
D:6:      layout_gridville, grunt_ministairs_7, nicolae_lava_and_water,
          uniq_crazy_yiuf_cottage
D:7:      layout_basic, enter_bailey_1, hellmonk_guarded_unrand_gong
Temple:   lightli_temple_of_artemis

Skill      XL: |  1  2  3  4  5  6  7 |
---------------+----------------------+-----
Fighting       | 4 5 |  5.9
Spellcasting   | 2 3 4 5 |  5.0
Earth Magic    | 1 2 3 |  3.0
Throwing       | 1 2 |  2.2
Evocations     | 1 2 |  2.1
Polearms       | |  2.4
Dodging        | |  2.4
Stealth        | |  1.5

Action                   |  1- 3 |  4- 6 |  7- 9 || total
-------------------------+-------+-------+-------++-------
Melee: Spear             |   163 |   119 |       ||   282
       Punch             |       |     2 |       ||     2
       Trident           |       |    74 |    51 ||   125
Throw: Stone             |    11 |     2 |     1 ||    14
       Dart              |       |       |     6 ||     6
Invok: Curse Item        |       |     3 |       ||     3
  Use: Scroll            |     4 |     2 |     3 ||     9
 Stab: Sleeping          |     4 |     5 |     1 ||    10
       Distracted        |       |       |     1 ||     1
Armor: Robe              |     2 |       |       ||     2
       Leather armour    |    15 |    32 |     8 ||    55
       Ring mail         |     3 |       |       ||     3
Dodge: Dodged            |    67 |    99 |    46 ||   212
